 Dungeon Crawl Stone Soup version 0.31-a0-1370-gf52a5a9ab3 (webtiles) character file.

Game seed: 3157755105952107126

28 grandjackal the Trooper (level 3, -4/37 HPs)
             Began as an Oni Warper on Dec 24, 2023.
             Slain by Terence
             ... wielding a +0 hand axe
              (6 damage)
             ... on level 2 of the Dungeon.
             The game lasted 00:00:55 (1223 turns).

grandjackal the Trooper (Oni Warper)                Turns: 1223, Time: 00:00:56

Health: -4/37      AC:  3    Str: 15    XL:     3   Next: 12%
Magic:  6/6        EV:  9    Int: 16    God:
Gold:   65         SH:  0    Dex:  8    Spells: 4/6 levels left

rFire   . . .        a - +0 mace
rCold   . . .        (no shield)
rNeg    . . .        b - +0 robe
rPois   .            (helmet restricted)
rElec   .            (no cloak)
rCorr   .            (gloves unavailable)
SInv    .            (boots unavailable)
Will    .....        (no amulet)
Stlth   +            (no ring)
HPRegen 0.26/turn    (no ring)
MPRegen 0.10/turn

%: no passive effects
@: no status effects
A: large, unfitting armour, horns 1, tough skin 1, double potion healing,
drunken brawling
a: no special abilities


You were on level 2 of the Dungeon.
You visited 1 branch of the dungeon, and saw 2 of its levels.

You collected 65 gold pieces.

Inventory:

Hand Weapons
 a - a +0 mace (weapon)
Missiles
 d - 12 darts of dispersal (quivered)
 k - 2 poisoned darts
Armour
 b - a +0 robe (worn)
Jewellery
 e - a ring of magical power
Scrolls
 c - a scroll of blinking
 g - 3 scrolls of identify {unknown}
 j - a scroll of fear {unknown}
Potions
 f - 2 potions of ambrosia {unknown}
 h - 2 potions of enlightenment {unknown}
 i - a potion of degeneration {unknown}
 l - 2 potions of curing {unknown}


   Skills:
 + Level 3.5 Fighting
 + Level 2.5 Maces & Flails
 - Level 1.0 Throwing
 - Level 2.1 Dodging
 - Level 2.4 Spellcasting
 + Level 3.1 Translocations


You had 4 spell levels left.
You knew the following spells:

 Your Spells              Type           Power      Damage    Failure   Level
a - Blink                 Tloc           22%        N/A       9%          2

Your spell library contained the following spells:

 Spells                   Type           Power      Damage    Failure   Level
 Lesser Beckoning         Tloc           22%        N/A       9%          2
 Momentum Strike          Conj/Tloc      12%        3d8       16%         2
 Teleport Other           Tloc           11%        N/A       17%         3
 Manifold Assault         Tloc           11%        N/A       50%         4
 Vhi's Electric Charge    Tloc/Air       12%        N/A       71%         4


Dungeon Overview and Level Annotations

Branches:
Dungeon (2/15)

Altars:

Annotations:
D:2 Terence


Innate Abilities, Weirdness & Mutations

You are too large for most types of armour.
You have a pair of small horns on your head.
You have tough skin. (AC +1)
You gain doubled healing and magic from potions.
Whenever you drink a healing potion, you attack all around you.


Message History

Terence hits you with a +0 hand axe.
You barely miss Terence.
Terence is lightly wounded.
Terence hits you with a +0 hand axe. Terence completely misses you.
You hit Terence.
Terence is moderately wounded.
Terence hits you with a +0 hand axe.
You hit Terence but do no damage.
Terence is moderately wounded.
Terence hits you with a +0 hand axe.
* * * LOW HITPOINT WARNING * * *
You hit Terence.
Terence is moderately wounded.
Terence barely misses you.
You hit Terence but do no damage.
Terence is moderately wounded.
Terence hits you with a +0 hand axe.
* * * LOW HITPOINT WARNING * * *
Terence barely misses you.
A giant cockroach comes into view.
You hit Terence but do no damage.
Terence is moderately wounded.
Terence barely misses you.
You barely miss Terence.
Terence is moderately wounded.
Terence hits you with a +0 hand axe.
* * * LOW HITPOINT WARNING * * *
You hit Terence but do no damage. You headbutt Terence.
Terence is heavily wounded.
Terence closely misses you.
You hit Terence but do no damage. Your headbutt misses Terence.
Terence is heavily wounded.
Terence hits you with a +0 hand axe.
* * * LOW HITPOINT WARNING * * *
Terence closely misses you.
You barely miss Terence. You headbutt Terence, but do no damage.
Terence is heavily wounded.
Terence hits you with a +0 hand axe.
You die...
Terence says, "Time to find some more victims."

.# #.# #.# #.############# #.#
#..B@@>.......####
#######.####..####..####.##.##
.........<....# #..####.#...####
...>..#.#.###.##................#
........##.# .##.#..#.##.#...#..#
......#.#.### ......#.##.##.##..#
.....#...##.......... ......##..#
#.......###.####...## ##.#####..#
###...### #.####...#####.#####..#


You could see Terence and a giant cockroach.

Vanquished Creatures
  4 ball pythons
  A bat (D:1)
  4 endoplasms
  2 giant cockroaches
  3 goblins
  2 hobgoblins (D:1)
  3 jackals (D:2)
  2 kobolds (D:1)
  3 rats (D:1)
24 creatures vanquished.

Notes
Turn   | Place    | Note
-------+----------+-------------------------------------------
     0 | D:1      | grandjackal the Oni Warper began the quest for the Orb.
     0 | D:1      | Reached XP level 1. HP: 22/22 MP: 3/3
   279 | D:1      | Reached XP level 2. HP: 31/31 MP: 5/5
   823 | D:1      | Learned a level 2 spell: Blink
   849 | D:2      | Noticed Terence
  1067 | D:2      | Reached XP level 3. HP: 34/37 MP: 6/6
  1222 | D:2      | HP: 1/37 [Terence/+0 hand axe (5)]
  1223 | D:2      | Slain by Terence

Illustrated notes

Levels and vault maps discovered:
D:1:      minmay_arrival_shoal_huts, layout_loops_corners
D:2:      layout_loops_cross, ebering_ecumenical_altar_webs, uniq_terence

Skill      XL: |  1  2 |
---------------+-------+-----
Fighting       | 3 |  3.5
Translocations | 3 |  3.1
Maces & Flails | |  2.5
Throwing       | |  1.0
Dodging        | |  2.1
Spellcasting   | |  2.4

Action                     || total
---------------------------++-------
  Melee: Mace              ||    63
         Headbutt          ||     9
   Stab: Sleeping          ||     1
 Armour: Robe              ||    52
  Dodge: Dodged            ||    36

Table legend: (Time is in decaauts)
 A = Elapsed time spent in this place.
 B = Non-inter-level travel time spent in this place.
 C = Inter-level travel time spent in this place.
 D = Time resting spent in this place.
 E = Time spent auto-exploring this place.
 F = Levels seen in this place.
 G = Mean time per level.
                   A        B        C        D        E       F      G
               +--------+--------+--------+--------+--------+-----+--------+
         Total |   1240 |   1187 |     53 |     37 |    973 |   2 |  620.0 |
       Dungeon |   1240 |   1187 |     53 |     37 |    973 |   2 |  620.0 |
               +--------+--------+--------+--------+--------+-----+--------+

Top non-repeatable levels by time:
     D:1: 887 daAuts
     D:2: 352 daAuts
